 Dungeon Crawl Stone Soup version 0.31.0-32-g396128a36d (webtiles) character file.

Game seed: 273589460027145498

4473 monsoonserge the Grappler (level 10, -3/76 HPs)
             Began as a Gnoll Shapeshifter on Mar 26, 2024.
             Was an Initiate of Gozag.
             Slain by Erica
             ... wielding a +4 scimitar of flaming
              (7 damage)
             ... on level 8 of the Dungeon.
             The game lasted 00:28:30 (7858 turns).

monsoonserge the Grappler (Gnoll Shapeshifter)      Turns: 7858, Time: 00:28:32

Health: -3/76      AC:  9    Str: 16    XL:     10   Next: 38%
Magic:  0/18       EV: 12    Int: 12    God:    Gozag
Gold:   919        SH: 11    Dex: 20    Spells: 17/19 levels left

rFire   . . .        m - +8 short sword of Nugibrah {flame, Dex+3 Stlth+}
rCold   . . .        a - +0 kite shield
rNeg    . . .        y - +2 leather armour {rPois}
rPois   +            (helmet currently unavailable)
rElec   .            k - melded +0 cloak
rCorr   .            (gloves currently unavailable)
SInv    .            (boots currently unavailable)
Will    .....        p - amulet of guardian spirit
Stlth   ++++         o - +6 ring of dexterity
HPRegen 0.32/turn    L - +4 ring of protection
MPRegen 0.16/turn

%: guardian spirit
@: lethally poisoned (-3 -> -6), beast-form, very slightly contaminated, slowed,
constricted, very slow
A: beast (slay +4), fangs 1, strong nose, distributed training
a: Begin Untransformation, Renounce Religion, Potion Petition, Call Merchant,
Bribe Branch


You were on level 8 of the Dungeon.
You worshipped Gozag.
Gozag was pleased with you.
You were a hulking beast.
You visited 2 branches of the dungeon, and saw 9 of its levels.
You also visited: Sewer and Ossuary.

You collected 1051 gold pieces.
You paid 132 gold pieces to Gozag.

Inventory:

Hand Weapons
 m - the +8 short sword of Nugibrah (weapon) {flame, Dex+3 Stlth+}
   (You took it off a goblin on level 3 of the Dungeon)

   Dex+3:     It affects your dexterity (+3).
   Stlth+:    It makes you more stealthy.
Missiles
 z - 5 poisoned darts (quivered)
 O - 3 boomerangs
Armour
 a - a +0 kite shield (worn)
 k - a +0 cloak (melded)
 x - a +2 robe of cold resistance
 y - a +2 leather armour of poison resistance (worn)
 N - a +0 buckler
Magical Staves
 f - a staff of earth
Jewellery
 g - a ring of ice
 o - a +6 ring of dexterity (left hand)
 p - an amulet of guardian spirit (around neck)
 A - a +5 ring of evasion
 L - a +4 ring of protection (right hand)
Talismans
 c - a beast talisman (active)
 d - a flux talisman
 q - a serpent talisman
 E - a granite talisman
Wands
 b - a wand of acid (10)
 B - a wand of paralysis (5)
Scrolls
 e - a scroll of immolation
 i - 4 scrolls of amnesia {unknown}
 r - 2 scrolls of enchant armour
 u - 3 scrolls of blinking
 v - 5 scrolls of teleportation
 C - a scroll of fear
 D - a scroll of butterflies
 F - a scroll of revelation
 K - a scroll of vulnerability
Potions
 h - a potion of heal wounds
 j - 2 potions of haste {unknown}
 l - a potion of ambrosia
 n - 4 potions of resistance {unknown}
 s - a potion of magic {unknown}
 t - 5 potions of curing {unknown}
 w - 3 potions of enlightenment
 G - 3 potions of lignification
 H - a potion of brilliance {unknown}
 J - 3 potions of berserk rage {unknown}
 M - a potion of attraction {unknown}
Miscellaneous
 I - a lightning rod (4/4)


   Skills:
 + Level 6.1 Fighting
 + Level 5.4 Short Blades
 + Level 5.4 Long Blades
 + Level 5.4 Axes
 + Level 5.4 Maces & Flails
 + Level 5.4 Polearms
 + Level 5.4 Staves
 + Level 5.4 Ranged Weapons
 + Level 5.4 Throwing
 + Level 5.4 Armour
 + Level 7.2 Dodging
 + Level 5.4 Stealth
 + Level 5.4 Shields
 + Level 8.6 Unarmed Combat
 + Level 5.4 Spellcasting
 + Level 4.4 Conjurations
 + Level 4.4 Hexes
 + Level 4.4 Summonings
 + Level 4.4 Necromancy
 + Level 4.4 Translocations
 + Level 4.4 Fire Magic
 + Level 4.4 Ice Magic
 + Level 4.4 Air Magic
 + Level 4.4 Earth Magic
 + Level 4.4 Alchemy
 + Level 6.0 Invocations
 + Level 5.4 Evocations
 + Level 8.3 Shapeshifting


You had 17 spell levels left.
You knew the following spells:

 Your Spells              Type           Power      Damage    Failure   Level
a - Blink                 Tloc           28%        N/A       14%         2

Your spell library contained the following spells:

 Spells                   Type           Power      Damage    Failure   Level
 Lesser Beckoning         Tloc           28%        N/A       14%         2
 Momentum Strike          Conj/Tloc      28%        3d8       14%         2
 Static Discharge         Conj/Air       28%        3-5/arc   14%         2
 Call Canine Familiar     Summ           14%        N/A       28%         3
 Sigil of Binding         Hex            14%        N/A       28%         3
 Airstrike                Air            7%         2d(1-17)  67%         4
 Anguish                  Hex/Necr       7%         N/A       67%         4
 Cause Fear               Hex            7%         N/A       67%         4
 Dimensional Bullseye     Hex/Tloc       7%         N/A       67%         4
 Summon Lightning Spire   Summ/Air       14%        N/A       67%         4
 Enfeeble                 Hex            7%         N/A       100%        7


Dungeon Overview and Level Annotations

Branches:
Dungeon (8/15)             Temple (1/1) D:4            Lair (0/5) D:8
  Sewer (visited)         Ossuary (visited)

Altars:
Ashenzari
Cheibriados
Dithmenos
Elyvilon
Fedhas
Gozag
Hepliaklqana
Kikubaaqudgha
Nemelex Xobeh
Okawaru
Qazlal
Ru
Sif Muna
Trog
Uskayaw
Vehumet
Yredelemnul
The Shining One

Annotations:
D:5 2 transporters, Tovical's ghost, novice GrGl
D:7 2 transporters, mrw3rdna's ghost, novice MiFi
D:8 Erica


Innate Abilities, Weirdness & Mutations

You are a hulking beast.
Your limbs bulge with bestial killing power. (Slay +4)
You have very sharp teeth.
Your uncanny sense of smell can sniff out nearby items.
Your experience applies equally to all skills.


Message History

You puncture something! You burn something.
You hear some strange, mumbled words.
A bolt of poison appears from out of thin air!
The bolt of poison hits you.
You are poisoned.
You resist.
You are constricted.
You puncture something! You burn something.
You feel very sick. Something hits you! Something burns you.
You are constricted.
You block something's attack.
You are constricted.
You hit something. You burn something.
You feel very sick.
You hear some strange, mumbled words.
Something tries to affect you, but you resist.
You are constricted.
You closely miss something.
You feel very sick. Something hits you! Something burns you.
You are constricted.
Something hits you. Something burns you.
You are constricted.
Casting: Blink (safe; 14% risk of failure)
Confirm with . or Enter, or press ? or * to list all spells.
You miscast Blink.
You are very lightly contaminated with residual magic.
Nothing appears to happen.
You feel very sick. Something hits you!
* * * LOW HITPOINT WARNING * * *
Something burns you.
* * * LOW HITPOINT WARNING * * *
You are constricted.
* * * LOW HITPOINT WARNING * * *
Unknown command.
Casting: Blink (safe; 14% risk of failure)
Confirm with . or Enter, or press ? or * to list all spells.
You miscast Blink.
Nothing appears to happen.
You feel sick. Something hits you!
* * * LOW HITPOINT WARNING * * *
Something burns you!
You die...
Your body crumbles into a pile of gold.

#....[$.......
..######......
######{####...
........#..... # #o# #.#
#.#####......<
#.#####..######.#######.....
... ........................
.....
...........#######.....
#..#...#.#.#...#..# ##.....
#.. ###..#..###...# #..####
.#. #?#...#.#h#.#.## #.##
.... #'.....{##....# #.#
#...#####.[.#...# #.# .
#[..#.#.(...#####.#
#[.)'[##..........# .#
#...#)#.....#######
...#####.).#.#.#
#'.....'##..#.#
?#.#...#.#.##.#


There were no monsters in sight!

Vanquished Creatures
  Pikel (D:4)
  A cyclops (D:7)
  A warg (D:8)
  A water moccasin (D:8)
  2 sky beasts (D:8)
  An ice beast (D:7)
  An orc warrior (D:6)
  2 crocodiles (Sewer)
  3 ogres
  A centaur (D:8)
  2 wolves
  A lemure (D:4)
  Blork the orc (D:4)
  A kobold brigand (D:8)
  2 phantoms
  A gnoll sergeant (D:8)
  4 scorpions
  2 bullfrogs
  5 water moccasin zombies (Ossuary)
  A burial acolyte (Ossuary)
  3 wights
  A bombardier beetle (D:6)
  6 orc priests
  A gnoll bouda (D:7)
  2 iguanas
  3 sleepcaps
  10 orc wizards
  A sickly merfolk siren (Sewer)
  A malarious merfolk avatar (Sewer)
  A bullfrog simulacrum (Ossuary)
  A crocodile zombie (Ossuary)
  2 mummies (Ossuary)
  11 adders
  11 gnolls
  3 river rats (Sewer)
  2 white imps (D:7)
  4 ufetubi
  3 adder zombies (Ossuary)
  5 dart slugs
  2 ribbon worms
  35 orcs
  9 ball pythons
  3 endoplasms
  6 giant cockroaches
  8 gnoll zombies (Ossuary)
  4 goblins
  7 hobgoblins
  11 jackals
  8 kobolds
  6 quokkas
  4 bats
  5 frilled lizards
  5 jackal zombies (Ossuary)
  5 orc zombies (Ossuary)
  21 rats
244 creatures vanquished.

Notes
Turn   | Place    | Note
-------+----------+-------------------------------------------
     0 | D:1      | monsoonserge the Gnoll Shapeshifter began the quest for the
                  | Orb.
     0 | D:1      | Reached XP level 1. HP: 17/17 MP: 1/1
   111 | D:1      | Reached XP level 2. HP: 13/23 MP: 2/2
   456 | D:1      | Reached XP level 3. HP: 23/28 MP: 3/3
   881 | D:2      | Reached skill level 1 in Invocations
   942 | D:2      | Reached skill level 1 in Short Blades
   942 | D:2      | Reached skill level 1 in Long Blades
   942 | D:2      | Reached skill level 1 in Axes
   942 | D:2      | Reached skill level 1 in Maces & Flails
   942 | D:2      | Reached skill level 1 in Polearms
   942 | D:2      | Reached skill level 1 in Staves
   942 | D:2      | Reached skill level 1 in Ranged Weapons
   942 | D:2      | Reached skill level 1 in Throwing
   942 | D:2      | Reached skill level 1 in Armour
   942 | D:2      | Reached skill level 1 in Stealth
   942 | D:2      | Reached skill level 1 in Shields
   942 | D:2      | Reached skill level 1 in Spellcasting
   942 | D:2      | Reached skill level 1 in Evocations
  1079 | D:2      | Reached XP level 4. HP: 34/34 MP: 5/5
  1515 | D:3      | Reached skill level 1 in Conjurations
  1515 | D:3      | Reached skill level 1 in Hexes
  1515 | D:3      | Reached skill level 1 in Summonings
  1515 | D:3      | Reached skill level 1 in Necromancy
  1515 | D:3      | Reached skill level 1 in Translocations
  1515 | D:3      | Reached skill level 1 in Fire Magic
  1515 | D:3      | Reached skill level 1 in Ice Magic
  1515 | D:3      | Reached skill level 1 in Air Magic
  1515 | D:3      | Reached skill level 1 in Earth Magic
  1515 | D:3      | Reached skill level 1 in Alchemy
  1527 | D:3      | Found a glowing drain.
  1543 | Sewer    | Entered a sewer
  1605 | Sewer    | Reached XP level 5. HP: 40/40 MP: 7/7
  1715 | Sewer    | Noticed a crocodile
  1730 | Sewer    | Killed a crocodile
  1731 | Sewer    | Reached XP level 6. HP: 27/47 MP: 5/8
  1862 | Sewer    | Reached skill level 5 in Dodging
  2311 | D:3      | Identified the +8 short sword of Nugibrah {flame, Dex+3
                  | Stlth+}
  2944 | D:4      | Noticed Blork the orc
  2952 | D:4      | Killed Blork the orc
  2953 | D:4      | Reached XP level 7. HP: 30/52 MP: 5/10
  3081 | D:4      | Found a staircase to the Ecumenical Temple.
  3090 | Temple   | Entered the Ecumenical Temple
  3118 | Temple   | Became a worshipper of Ru the Awakened
  3163 | D:4      | Found an ancient bone altar of Kikubaaqudgha.
  3194 | D:4      | Noticed Pikel
  3206 | D:4      | Killed Pikel
  3207 | D:4      | Reached XP level 8. HP: 41/60 MP: 6/12
  3365 | D:4      | Found a sparkling altar of Nemelex Xobeh.
  3382 | D:4      | Found a blossoming altar of Fedhas.
  3391 | D:4      | Found a broken altar of Ashenzari.
  3918 | D:5      | Entered Level 5 of the Dungeon
  4071 | D:5      | Found a shadowy altar of Dithmenos.
  4071 | D:5      | Found a transporter.
  4073 | D:5      | Noticed Tovical's ghost (novice GrGl)
  4074 | D:5      | Found a transporter.
  4473 | D:5      | Found a shimmering blue altar of Sif Muna.
  4835 | D:6      | Reached XP level 9. HP: 53/67 MP: 10/15
  4854 | D:6      | Learned a level 2 spell: Blink
  5093 | D:6      | Reached skill level 5 in Fighting
  5126 | D:6      | Found an opulent altar of Gozag.
  5140 | D:6      | Fell from the grace of Ru
  5140 | D:6      | Became a worshipper of Gozag Ym Sagoz the Greedy
  5648 | D:7      | Noticed a cyclops
  5658 | D:7      | Killed a cyclops
  5659 | D:7      | Reached skill level 5 in Invocations
  5806 | D:7      | Found a transporter.
  5813 | D:7      | Noticed mrw3rdna's ghost (novice MiFi)
  5815 | D:7      | Found a transporter.
  5816 | D:7      | Identified the +0 giant club "Ecufut" {flame, ^Fragile rF+
                  | rC+}
  5844 | D:7      | Found a sand-covered staircase.
  5853 | Ossuary  | Entered an ossuary
  6405 | D:7      | Found a hazy altar of Hepliaklqana.
  6587 | D:7      | Found an iron altar of Okawaru.
  7064 | D:8      | Noticed Erica
  7091 | D:8      | Found a staircase to the Lair.
  7100 | D:7      | Reached skill level 5 in Short Blades
  7100 | D:7      | Reached skill level 5 in Long Blades
  7100 | D:7      | Reached skill level 5 in Axes
  7100 | D:7      | Reached skill level 5 in Maces & Flails
  7100 | D:7      | Reached skill level 5 in Polearms
  7100 | D:7      | Reached skill level 5 in Staves
  7100 | D:7      | Reached skill level 5 in Ranged Weapons
  7100 | D:7      | Reached skill level 5 in Throwing
  7100 | D:7      | Reached skill level 5 in Armour
  7100 | D:7      | Reached skill level 5 in Stealth
  7100 | D:7      | Reached skill level 5 in Shields
  7100 | D:7      | Reached skill level 5 in Spellcasting
  7100 | D:7      | Reached skill level 5 in Evocations
  7100 | D:7      | Reached XP level 10. HP: 76/76 MP: 17/17
  7858 | D:8      | Slain by Erica

Illustrated notes

Levels and vault maps discovered:
D:1:      arrival_zaba_pyramid, layout_loops_ring, serial_park_tiny_1
D:2:      layout_basic, minmay_cut_off
D:3:      layout_basic, portal_sewer_entry_b
D:4:      layout_basic, nemelex_xobeh_ov_fountains_minmay,
          nicolae_kikubaaqudgha_miasma_corner, lemuel_crystal_altar,
          ashenzari_altar_1, minmay_temple_entry_trees, uniq_pikel,
          uniq_blork_the_orc
D:5:      layout_gridville, nicolae_sif_muna_little_library,
          mainiacjoe_overflow_tiny_flanked, gammafunk_ghost_mausoleum
D:6:      layout_basic, overflow_temple_1_default
D:7:      layout_layer_cave, mainiacjoe_overflow_cross_hatched, kennysheep_mini,
          nicolae_ossuary_entry_ruins, gammafunk_ghost_smash, grunt_ministairs_2
D:8:      layout_rooms, nzn_wu_jian_council_hall, erik_lair_orcish_takeover,
          minivault_24, kennysheep_diamond, minmay_fractal_squares_diagonal_5,
          uniq_erica
Temple:   grunt_temple_mini_profane

Skill      XL: |  1  2  3  4  5  6  7  8  9 10 |
---------------+-------------------------------+-----
Invocations    | 1 2 3 4 5 6 |  6.0
Short Blades   | 1 2 3 4 5 |  5.4
Long Blades    | 1 2 3 4 5 |  5.4
Axes           | 1 2 3 4 5 |  5.4
Maces & Flails | 1 2 3 4 5 |  5.4
Polearms       | 1 2 3 4 5 |  5.4
Staves         | 1 2 3 4 5 |  5.4
Ranged Weapons | 1 2 3 4 5 |  5.4
Throwing       | 1 2 3 4 5 |  5.4
Armour         | 1 2 3 4 5 |  5.4
Stealth        | 1 2 3 4 5 |  5.4
Shields        | 1 2 3 4 5 |  5.4
Spellcasting   | 1 2 3 4 5 |  5.4
Evocations     | 1 2 3 4 5 |  5.4
Conjurations   | 1 2 3 4 |  4.4
Hexes          | 1 2 3 4 |  4.4
Summonings     | 1 2 3 4 |  4.4
Necromancy     | 1 2 3 4 |  4.4
Translocations | 1 2 3 4 |  4.4
Fire Magic     | 1 2 3 4 |  4.4
Ice Magic      | 1 2 3 4 |  4.4
Air Magic      | 1 2 3 4 |  4.4
Earth Magic    | 1 2 3 4 |  4.4
Alchemy        | 1 2 3 4 |  4.4
Fighting       | 3 4 5 6 |  6.1
Dodging        | 5 6 7 |  7.2
Unarmed Combat | 7 8 |  8.6
Shapeshifting  | 7 8 |  8.3

Action                     |  1- 3 |  4- 6 |  7- 9 | 10-12 || total
---------------------------+-------+-------+-------+-------++-------
  Melee: Unarmed           |    73 |   146 |       |       ||   219
         Bite              |     5 |     8 |    25 |    12 ||    50
         Punch             |     1 |       |       |       ||     1
         Short sword       |       |    12 |   236 |   113 ||   361
  Throw: Dart              |       |     3 |     1 |     1 ||     5
 Invoke: Reject Sacrifices |       |       |     1 |       ||     1
  Evoke: Wand              |       |       |     1 |       ||     1
    Use: Potion            |       |     1 |       |       ||     1
         Scroll            |       |       |    10 |       ||    10
   Stab: Sleeping          |       |     5 |    21 |       ||    26
         Distracted        |       |       |     2 |       ||     2
 Armour: Animal skin       |    22 |       |       |       ||    22
         Leather armour    |     8 |    15 |    60 |    35 ||   118
         Skin              |     1 |    24 |       |       ||    25
         Ring mail         |       |    32 |       |       ||    32
  Dodge: Dodged            |    44 |    60 |   116 |    48 ||   268
  Block: Kite shield       |     6 |    74 |   108 |    63 ||   251
   Form: Beast             |     1 |       |       |       ||     1
         Flux              |     1 |       |       |       ||     1
